 Dungeon Crawl Stone Soup version 0.30.0-15-g856e2d3f33 (webtiles) character file.

Game seed: 7065244195931523679

67 Esekla the Grave Robber (level 4, 0/25 HPs)
             Began as a Tengu Necromancer on May 18, 2023.
             Was a Follower of Okawaru.
             Slain by a rat (1 damage)
             ... on level 3 of the Dungeon.
             The game lasted 00:09:19 (1909 turns).

Esekla the Grave Robber (Tengu Necromancer)         Turns: 1909, Time: 00:09:20

Health: 0/25       AC:  2    Str:  8    XL:     4   Next: 16%
Magic:  0/8        EV: 12    Int: 18    God:    Okawaru [*.....]
Gold:   129        SH:  0    Dex: 14    Spells: 0/7 levels left

rFire   . . .        a - +0 long sword
rCold   . . .        (no shield)
rNeg    . . .        e - +0 robe
rPois   .            (helmet restricted)
rElec   .            (no cloak)
rCorr   .            (no gloves)
SInv    .            (boots unavailable)
Will    .....        f - amulet of the acrobat
Stlth   ++           (no ring)
HPRegen 0.24/turn    (no ring)
MPRegen 0.11/turn

%: acrobat
@: very slightly contaminated
A: beak, talons 3
a: Renounce Religion, Heroism


You were on level 3 of the Dungeon.
You worshipped Okawaru.
Okawaru was aware of your devotion.
You visited 1 branch of the dungeon, and saw 3 of its levels.

You collected 129 gold pieces.

Inventory:

Hand Weapons
 a - a +0 long sword (weapon)
 c - a +0 dagger
 h - a +0 spear
Armour
 e - a +0 robe (worn)
 i - a +0 buckler
Jewellery
 f - an amulet of the acrobat (around neck)
Scrolls
 g - 4 scrolls of identify {unknown}
 l - a scroll of summoning {unknown}
Potions
 b - a potion of magic
 d - a potion of invisibility {unknown}
 j - a potion of haste {unknown}
 k - a potion of cancellation {unknown}


   Skills:
 * Level 1.6 Fighting
 + Level 0.4 Long Blades
 * Level 2.6 Dodging
 + Level 2.1 Stealth
 * Level 0.2 Shields
 * Level 2.2 Spellcasting
 + Level 4.9 Necromancy
 * Level 1.0 Ice Magic


You couldn't memorise any spells.
You knew the following spells:

 Your Spells              Type           Power      Damage    Failure   Level
a - Necrotise             Necr           76%        1d7       2%          1
d - Vampiric Draining     Necr           19%        2d7       7%          3
r - Frozen Ramparts       Ice            10%        1d2       34%         3

Your spell library contained the following spells:

 Spells                   Type           Power      Damage    Failure   Level
 Freeze                   Ice            20%        1d4       12%         1
 Hailstorm                Conj/Ice       3%         3d3       41%         3
 Agony                    Necr           19%        N/A       54%         5
 Animate Dead             Necr           Unusable   N/A       N/A         4

Dungeon Overview and Level Annotations

Branches:
Dungeon (3/15)

Altars:
Okawaru


Innate Abilities, Weirdness & Mutations

You have a beak for a mouth.
You have claws for feet.


Message History

The orc misses you.
You closely miss the orc. Your kick misses the orc. You peck the orc.
The orc is moderately wounded.
The orc barely misses you. The hobgoblin barely misses you.
The hobgoblin misses you. The orc hits you but does no damage.
You completely miss the hobgoblin. The orc barely misses you.
The hobgoblin hits you.
You closely miss the orc. Your kick misses the orc. You peck the orc.
The orc is heavily wounded.
The orc hits you with a +0 dagger.
The hobgoblin hits you but does no damage.
You closely miss the hobgoblin. You claw the hobgoblin.
You kill the hobgoblin!
Okawaru accepts your kill. The orc hits you with a +0 dagger.
* * * LOW HITPOINT WARNING * * *
The orc hits you but does no damage.
You hit the orc.
You kill the orc!
Okawaru accepts your kill.
The orc throws a stone.
The stone barely misses you.
Casting: Vampiric Draining (quite dangerous; 7% risk of failure)
Confirm with . or Enter, or press ? or * to list all spells.
The spell is quite dangerous to miscast (7% risk of failure)!
Continue anyway?
Aiming: Vampiric Draining (quite dangerous; 7% risk of failure)
Press: ? - help, Shift-Dir - straight line, f - orc
Aim: an orc, wielding a +0 club You miscast Vampiric Draining.
You are very lightly contaminated with residual magic.
Nothing appears to happen.
The rat bites you but does no damage. The orc hits you but does no damage.
You barely miss the rat. The rat bites you.
* * * LOW HITPOINT WARNING * * *
The orc hits you with a +0 club.
* * * LOW HITPOINT WARNING * * *
You closely miss the orc. You claw the orc, but do no damage.
The orc hits you but does no damage. The rat bites you.
* * * LOW HITPOINT WARNING * * *
The rat bites you.
You die...

#.........# #.........#
#.........# #.........'
#.........# #.........#
#.........# #r# #@# #
#o### # #o..#
################...###..
...................'....
#########..........###.##
#..........'....#
...(............###..#
................#


You could see 2 orcs and a rat.

Vanquished Creatures
  An adder (D:2)
  2 worms
  A dart slug (D:2)
  2 orcs (D:3)
  4 ball pythons
  5 endoplasms
  3 giant cockroaches
  4 goblins
  6 hobgoblins
  3 jackals (D:1)
  3 bats
  3 frilled lizards
  6 kobolds
  A rat (D:1)
44 creatures vanquished.

Notes
Turn   | Place    | Note
-------+----------+-------------------------------------------
     0 | D:1      | Esekla the Tengu Necromancer began the quest for the Orb.
     0 | D:1      | Reached XP level 1. HP: 10/10 MP: 4/4
   144 | D:1      | Reached XP level 2. HP: 12/16 MP: 6/6
   852 | D:2      | Reached XP level 3. HP: 7/20 MP: 7/7
   856 | D:2      | Learned a level 3 spell: Vampiric Draining
  1039 | D:2      | Reached skill level 1 in Ice Magic
  1154 | D:2      | Reached skill level 1 in Fighting
  1194 | D:2      | Found a faded altar of an unknown god.
  1204 | D:2      | Prayed at the altar of an unknown god.
  1204 | D:2      | Became a worshipper of Warmaster Okawaru
  1204 | D:2      | Reached * piety under Okawaru
  1714 | D:3      | Reached XP level 4. HP: 25/25 MP: 8/8
  1829 | D:3      | Learned a level 3 spell: Frozen Ramparts
  1909 | D:3      | HP: 1/25 [rat (2)]
  1909 | D:3      | Slain by a rat

Illustrated notes

Levels and vault maps discovered:
D:1:      wander_arrival_desolate, layout_basic
D:2:      layout_basic, shapermc_ecumenical_altar_starsandcircs
D:3:      layout_basic

Skill      XL: |  1  2  3 |
---------------+----------+-----
Ice Magic      | 1 |  1.0
Fighting       | 1 |  1.6
Long Blades    | |  0.4
Dodging        | |  2.6
Stealth        | |  2.1
Shields        | |  0.2
Spellcasting   | |  2.2
Necromancy     | |  4.9

Action                     |  1- 3 |  4- 6 || total
---------------------------+-------+-------++-------
  Melee: Unarmed           |    38 |       ||    38
         Kick              |    25 |     2 ||    27
         Peck              |    12 |     3 ||    15
         Long sword        |    61 |    16 ||    77
         Dagger            |     6 |       ||     6
         Punch             |     3 |       ||     3
   Cast: Vampiric Draining |     3 |     2 ||     5
   Stab: Sleeping          |     1 |       ||     1
 Armour: Robe              |    14 |     6 ||    20
  Dodge: Dodged            |    63 |    15 ||    78
